AoeStats
← BobbySausage

Arabia

510272325Analyzed
1v1 RM · 2d ago on Sep 30, 2026· 36m 15s· 2 players
Game mode
Random Map
Map size
Tiny (2 player)
Population
200
Speed
Normal
Resources
Standard
Victory
Conquest
Starting age
Dark Age
Ending age
Imperial Age
RankedLock teamsTeams togetherTeam positionsShared explorationLock speedFull tech treeHidden civsTurbo modeCheats
Victory
Defeat
🇬🇧 Romans · United Kingdom
1255
+15
🇮🇳 Varangians · India
1229
-15
REDDY
5:55 Loom
9:35 Feudal Age
10:24 Double-Bit Axe
14:48 Bloodlines
20:01 Horse Collar
23:38 Castle Age
22:35 Forging
22:34 Scale Barding Armor
23:50 Forging
33:21 Fletching
34:44 Elite Skirmisher
BobbySausage
7:29 Loom
9:35 Feudal Age
10:07 Man-at-Arms
11:25 Town Watch
12:10 Scale Mail Armor
13:14 Double-Bit Axe
19:01 Wheelbarrow
21:48 Castle Age
21:51 Long Swordsman
22:48 Chain Mail Armor
23:01 Squires
26:01 Pikeman
29:24 Horse Collar
32:01 Forging
32:21 Hand Cart
34:37 Town Patrol
Connection lost

Rejoining the realm…

Still unreachable

The connection could not be restored.

Session expired

The server has moved on; the page needs a fresh start.